 Dungeon Crawl Stone Soup version 0.31-a0-152-g6aa68a64a1 (webtiles) character file.

Game seed: 3431726175307149290

243 qw the Shooter (level 6, -2/51 (55) HPs)
             Began as a Naga Hunter on June 9, 2023.
             Slain by an orc
             ... wielding a +2 flail of protection
              (4 damage)
             ... on level 3 of the Dungeon.
             The game lasted 00:00:40 (1510 turns).

qw the Shooter (Naga Hunter)                        Turns: 1510, Time: 00:00:41

HP:   -2/51 (55)    AC:  5    Str: 20    XL:     6   Next: 9%
MP:   6/6           EV: 10    Int:  9    God:
Gold: 84            SH:  0    Dex: 19    Spells: 5/5 levels left

rFire   . . .        Y - +1 shortbow
rCold   . . .        (shield currently unavailable)
rNeg    . . .        b - +2 leather armour of Death Resistance {Regen+ Str+6 Dex+3 Slay-6}
rPois   +            (no helmet)
rElec   .            (no cloak)
rCorr   .            (no gloves)
SInv    +            (no barding)
Will    .....        (no amulet)
Stlth   ++           (no ring)
HPRegen 1.08/turn    (no ring)
MPRegen 0.10/turn

%: no passive effects
@: short of breath, drained, very slow
A: AC +2, large, see invisible, deformed body, poison resistance, slowness 2,
spit poison 1, naga tail 1
a: Spit Poison


You were on level 3 of the Dungeon.
You visited 1 branch of the dungeon, and saw 3 of its levels.

You collected 84 gold pieces.


Innate Abilities, Weirdness & Mutations

Your serpentine skin is tough. (AC +2)
You have supernaturally acute eyesight. (SInv)
Armour fits poorly on your strangely shaped body.
Your system is resistant to poisons. (rPois)
You cover ground very slowly.
You can spit poison.
You have a snake-like lower body.


   Skills:
 + Level 2.7 Fighting
 - Level 6.2 Ranged Weapons
 - Level 1.5 Dodging
 - Level 1.5 Stealth


You had 5 spell levels left.
You didn't know any spells.
Your spell library was empty.

Inventory:

Hand Weapons
 Y - a +1 shortbow (weapon)
Armour
 b - the +2 leather armour of Death Resistance (worn) {Regen+ Str+6 Dex+3 Slay-6}
   (You found it on level 2 of the Dungeon)

   Str:       It affects your strength (+6).
   Dex:       It affects your dexterity (+3).
   Slay:      It affects your accuracy & damage with ranged weapons and melee
   (-6).
   Regen:     It increases your rate of health regeneration.
Jewellery
 c - a ring of magical power
 g - a ring of wizardry
Scrolls
 i - a scroll of blinking {unknown}
Potions
 a - a potion of cancellation
 d - 2 potions of enlightenment {unknown}
 e - 2 potions of curing
 f - a potion of degeneration {unknown}
 h - a potion of might {unknown}

Dungeon Overview and Level Annotations

Branches:
Dungeon (3/15)

Altars:
Elyvilon

Shops:
D:2 :


Message History

You shoot an arrow.
The arrow hits the orc but does no damage.
The orc hits you but does no damage. The orc closely misses you.
You shoot an arrow. The arrow barely misses the orc.
The orc misses you. The orc barely misses you.
You shoot an arrow.
The arrow hits the orc but does no damage.
The orc hits you with a +2 flail of protection!
The orc closely misses you.
You shoot an arrow. The arrow closely misses the orc.
You have got your breath back.
The orc barely misses you. The orc closely misses you.
The orc barely misses you. x2
1505 ||| INVOKING Spit Poison.
Aiming: Spit Poison (1% risk of failure)
Press: ? - help, Shift-Dir - straight line, f/p - orc The splash of poison misses the orc.
The orc hits you with a +0 short sword.
The orc hits you with a +2 flail of protection!
You shoot an arrow. The arrow barely misses the orc.
The orc hits you but does no damage.
The orc hits you with a +2 flail of protection.
You shoot an arrow.
The arrow hits the orc but does no damage.
The orc hits you with a +0 short sword.
The orc hits you with a +2 flail of protection.
You shoot an arrow. The arrow completely misses the orc.
The orc hits you but does no damage. x2
You shoot an arrow. The arrow hits the orc.
The orc is heavily wounded.
You have got your breath back.
The orc hits you but does no damage.
The orc hits you with a +2 flail of protection!
1510 ||| INVOKING Spit Poison.
Aiming: Spit Poison (1% risk of failure)
Press: ? - help, Shift-Dir - straight line, f/p - orc The splash of poison misses the orc.
The orc hits you with a +0 short sword.
The orc hits you with a +2 flail of protection.
You die...

#~~~~~~~~~~~~~~~~~~~
#~~~~~)~~~...~~~~~~~
#~~~~~~#####..##~~~~
#~~~~..# ..##
###....# ..####
#....# #....#
#....#### #..$#
#.......##..##
#...>##..@o..#
#.<..#####o#....# .
. ####....# o# ..#
.### ###.......# .#
.) #... #...#######
.# ... #.## #.### .#
.... ##.#G #.# .#
.....#..## #.# ##
.).....).. #.# #...


You could see 3 orcs.

Vanquished Creatures
  Sigmund (D:3)
  An orc wizard (D:3)
  2 adders
  A dart slug (D:1)
  5 ball pythons
  4 endoplasms
  4 giant cockroaches
  5 goblins
  A hobgoblin (D:1)
  7 bats
  6 frilled lizards
  6 rats
43 creatures vanquished.

Notes
Turn   | Place    | Note
-------+----------+-------------------------------------------
     0 | D:1      | qw the Naga Hunter began the quest for the Orb.
     0 | D:1      | Reached XP level 1. HP: 19/19 MP: 1/1
     0 | D:1      | 0 ||| qw: Version: 0.2-a-122-gbc61b45
     0 | D:1      | 0 ||| qw: Game counter: 3256
     0 | D:1      | 0 ||| qw: Always use a shield: true
     0 | D:1      | 0 ||| qw: God list: Okawaru
     0 | D:1      | 0 ||| qw: Allow faded altars: false
     0 | D:1      | 0 ||| qw: Do Orc after D:15 true
     0 | D:1      | 0 ||| qw: Do second Lair branch before Depths: true
     0 | D:1      | 0 ||| qw: Lair rune preference: random
     0 | D:1      | 0 ||| qw: Plans: Normal
     0 | D:1      | 0 ||| PLANNING D:1-11
    15 | D:1      | 15 ||| INVOKING Spit Poison.
    16 | D:1      | 16 ||| INVOKING Spit Poison.
    62 | D:1      | 62 ||| INVOKING Spit Poison.
    71 | D:1      | 71 ||| INVOKING Spit Poison.
    76 | D:1      | 76 ||| INVOKING Spit Poison.
    79 | D:1      | Reached skill level 4 in Ranged Weapons
    79 | D:1      | Reached XP level 2. HP: 23/26 MP: 2/2
   183 | D:1      | 183 ||| INVOKING Spit Poison.
   191 | D:1      | 191 ||| INVOKING Spit Poison.
   194 | D:1      | 194 ||| INVOKING Spit Poison.
   362 | D:1      | 362 ||| INVOKING Spit Poison.
   373 | D:1      | 373 ||| INVOKING Spit Poison.
   693 | D:1      | Found a white marble altar of Elyvilon.
   696 | D:1      | 696 ||| READING scroll labelled GIXAGYIGOT.
   700 | D:1      | 700 ||| READING scroll labelled UCWAXE SAPT.
   701 | D:1      | 701 ||| READING scroll labelled WUSY IPPUTAES.
   702 | D:1      | 702 ||| READING scroll labelled MAINKE OPLIMA.
   703 | D:1      | 703 ||| DRINKING 2 black potions.
   704 | D:1      | 704 ||| DROPPING scroll of butterflies.
   719 | D:2      | 719 ||| INVOKING Spit Poison.
   805 | D:2      | 805 ||| INVOKING Spit Poison.
   806 | D:2      | Reached XP level 3. HP: 32/32 MP: 3/3
   809 | D:2      | 809 ||| INVOKING Spit Poison.
   876 | D:2      | Identified the +2 leather armour of Death Resistance
                  | {Regen+ Str+6 Dex+3 Slay-6}
   898 | D:2      | 898 ||| INVOKING Spit Poison.
   962 | D:2      | 962 ||| INVOKING Spit Poison.
   967 | D:2      | 967 ||| INVOKING Spit Poison.
  1111 | D:2      | 1111 ||| INVOKING Spit Poison.
  1118 | D:2      | 1118 ||| INVOKING Spit Poison.
  1121 | D:2      | Found Gitwapru's Book Shop.
  1246 | D:2      | 1246 ||| UPGRADING to +2 leather armour of Death Resistance
                  | {Regen+ Str+6 Dex+3 Slay-6}.
  1256 | D:2      | 1256 ||| DROPPING +0 leather armour.
  1257 | D:2      | 1257 ||| READING scroll labelled ACAGOC QYOKIS.
  1258 | D:2      | 1258 ||| DRINKING 2 fuming clear potions.
  1289 | D:3      | 1289 ||| INVOKING Spit Poison.
  1301 | D:3      | 1301 ||| INVOKING Spit Poison.
  1315 | D:3      | Found a faded altar of an unknown god.
  1317 | D:3      | Noticed a great orb of eyes
  1319 | D:3      | Noticed a golden eye
  1319 | D:3      | Noticed a great orb of eyes
  1319 | D:3      | Noticed a shining eye
  1335 | D:3      | Noticed Sigmund
  1336 | D:3      | 1336 ||| INVOKING Spit Poison.
  1343 | D:3      | 1343 ||| INVOKING Spit Poison.
  1348 | D:3      | 1348 ||| INVOKING Spit Poison.
  1349 | D:3      | 1349 ||| READING scroll labelled AMOULILIVE.
  1351 | D:3      | 1351 ||| INVOKING Spit Poison.
  1352 | D:3      | HP: 6/32 [Sigmund/puff of flame (8)]
  1353 | D:3      | 1353 ||| READING scroll of teleportation.
  1356 | D:3      | HP: 1/32 [Sigmund/+0 scythe (9)]
  1357 | D:3      | Killed Sigmund
  1358 | D:3      | Reached skill level 6 in Ranged Weapons
  1358 | D:3      | Reached XP level 4. HP: 3/39 MP: 4/4
  1358 | D:3      | Reached XP level 5. HP: 4/45 MP: 5/5
  1358 | D:3      | 1358 ||| INVOKING Spit Poison.
  1362 | D:3      | HP: 9/45 [adder (1)]
  1364 | D:3      | 1364 ||| INVOKING Spit Poison.
  1370 | D:3      | 1370 ||| INVOKING Spit Poison.
  1423 | D:3      | 1423 ||| INVOKING Spit Poison.
  1427 | D:3      | 1427 ||| INVOKING Spit Poison.
  1437 | D:3      | 1437 ||| INVOKING Spit Poison.
  1480 | D:3      | 1480 ||| INVOKING Spit Poison.
  1484 | D:3      | 1484 ||| INVOKING Spit Poison.
  1489 | D:3      | 1489 ||| INVOKING Spit Poison.
  1494 | D:3      | 1494 ||| INVOKING Spit Poison.
  1495 | D:3      | Reached XP level 6. HP: 35/51 MP: 6/6
  1499 | D:3      | 1499 ||| INVOKING Spit Poison.
  1505 | D:3      | 1505 ||| INVOKING Spit Poison.
  1506 | D:3      | HP: 11/51 [orc/+2 flail of protection (3)]
  1509 | D:3      | HP: 3/51 [orc/+2 flail of protection (7)]
  1510 | D:3      | 1510 ||| INVOKING Spit Poison.
  1510 | D:3      | Slain by an orc

Levels and vault maps discovered:
D:1:      dpeg_arrival_water_altar, layout_basic
D:2:      layout_loops_cross, serial_shops, shop, minmay_hexomino_f4
D:3:      wander_river, layout_rooms, nicolae_overflow_hidden_temple,
          hellmonk_ecumenical_altar_watching_god, uniq_sigmund, uniq_terence

Skill      XL: |  1  2  3 |
---------------+----------+-----
Ranged Weapons | 4 6 |  6.2
Fighting       | |  2.7
Dodging        | |  1.5
Stealth        | |  1.5

Action                     |  1- 3 |  4- 6 || total
---------------------------+-------+-------++-------
   Fire: Shortbow          |    69 |    42 ||   111
Ability: Spit Poison       |    23 |    13 ||    36
    Use: Scroll            |     7 |       ||     7
         Potion            |     2 |       ||     2
 Armour: Leather armour    |     3 |    18 ||    21
  Dodge: Dodged            |     4 |    28 ||    32

Table legend:
 A = Non-vault XP
 B = Vault XP
 C = Vault XP percentage of total XP
 D = Non-vault monster count
 E = Vault monster count
 F = Vault count percentage of total count
                 A         B        C        D         E       F
            +---------+---------+-------+---------+---------+-------
      Total |     119 |     229 |  65.8 |      40 |       3 |   7.0
            +---------+---------+-------+---------+---------+-------
        D:1 |      32 |       0 |   0.0 |      21 |       0 |   0.0
        D:2 |      24 |       3 |  11.1 |       9 |       2 |  18.2
        D:3 |      63 |     226 |  78.2 |      10 |       1 |   9.1
            +---------+---------+-------+---------+---------+-------
